 Dungeon Crawl Stone Soup version 0.28-a0-422-gd71735cc25 (webtiles) character file.

Game seed: 11869030078955535922

263 wakim the Bolt Thrower (level 5, -1/46 HPs)
             Began as a Minotaur Hunter on Sept 8, 2021.
             Succumbed to a kobold brigand's curare-tipped dart
             ... on level 4 of the Dungeon.
             The game lasted 00:10:34 (3183 turns).

wakim the Bolt Thrower (Minotaur Hunter)            Turns: 3183, Time: 00:10:35

Health: -1/46      AC:  7    Str: 18    XL:     5   Next: 98%
Magic:  4/4        EV: 10    Int:  8    God:
Gold:   139        SH:  0    Dex: 10    Spells: 4/4 levels left

rFire   . . .      SeeInvis .   a - +0 trident
rCold   . . .      Faith    .   (no shield)
rNeg    . . .      Spirit   .   e - +0 scale mail
rPois   .          Reflect  .   (helmet restricted)
rElec   .          Harm     .   (no cloak)
rCorr   .          Rampage  .   (no gloves)
Will    .....                   h - +0 pair of boots
Stlth   ..........              (no amulet)
HPRegen 0.15/turn               (no ring)
MPRegen 0.09/turn               (no ring)

@: mighty, lethally poisoned (-1 -> -5), very slightly contaminated, slowed,
invisible, very slow
A: horns 2, retaliatory headbutt
a: no special abilities


You were on level 4 of the Dungeon.
You visited 1 branch of the dungeon, and saw 4 of its levels.

You collected 139 gold pieces.

Inventory:

Hand Weapons
 a - a +0 trident (weapon)
 b - a +1 hand crossbow
 c - a +0 short sword
Missiles
 d - 30 bolts
Armour
 e - a +0 scale mail (worn)
 h - a +0 pair of boots (worn)
Scrolls
 f - a scroll of torment {unknown}
 i - a scroll of fear {unknown}
 r - a scroll of identify
 T - 3 scrolls of teleportation
Potions
 g - a potion of attraction {unknown}
 G - a potion of flight
 M - 2 potions of mutation {!q}


   Skills:
 + Level 4.2 Fighting
 + Level 5.2 Crossbows
 + Level 3.0 Armour
 + Level 3.4 Dodging
 + Level 2.2 Stealth


You had 4 spell levels left.
You didn't know any spells.
Your spell library contained the following spells:

 Spells                   Type           Power      Damage    Failure   Level
 Passwall                 Tmut/Erth      0%         N/A       90%         2
 Swiftness                Air            0%         N/A       99%         3
 Invisibility             Hex            0%         N/A       100%        6


Dungeon Overview and Level Annotations

Branches:
Dungeon (4/15)
 Temple: D:4-7

Altars:

Shops:
D:4 :


Innate Abilities, Weirdness & Mutations

You have a pair of horns on your head.
You reflexively headbutt those who attack you in melee.


Message History

a +0 dagger; a kobold corpse
i - a scroll labelled WUGOLI ABA
There is a stone staircase leading up here.
You see here a +0 dagger.
You see here a +0 dagger.
Things that are here:
a +0 dagger; a kobold corpse A kobold brigand comes into view.
It is wielding a +1 dagger of venom and quivering curare-tipped darts.
The kobold brigand shouts!
The kobold brigand throws a curare-tipped dart.
The curare-tipped dart hits you.
You are poisoned.
You have difficulty breathing.
You feel yourself slow down.
You feel very sick.
The kobold brigand throws a curare-tipped dart.
The curare-tipped dart hits you.
You are more poisoned.
You have difficulty breathing.
You feel as though you will be slow longer.
You feel very sick.
You feel very sick.
You feel very sick.
The kobold brigand throws a curare-tipped dart.
The curare-tipped dart hits you.
You are lethally poisoned!
You have difficulty breathing.
* * * LOW HITPOINT WARNING * * *
You feel as though you will be slow longer.
* * * LOW HITPOINT WARNING * * *
You feel very sick.
* * * LOW HITPOINT WARNING * * *
You feel very sick.
You fade into invisibility!
* * * LOW HITPOINT WARNING * * *
You feel sick.
You are very lightly contaminated with residual magic.
It was a potion of might.
You feel very mighty all of a sudden.
You die...

#.#####.#.)##.#
.#.#####)#).##)#
.........#.)##.#
##.#######.)#≈.#
##..#≈≈#
#..##≈≈##.#########
#..#≈≈≈≈#..........
#..#≈≈≈≈######.####
#.@#≈≈≈≈.......#
#..##≈≈#########
##..#≈≈# #..##≈#
##K.#≈# #..#..
#..### #..# #..## #


You could see a kobold brigand.

Vanquished Creatures
  A necrophage (D:3)
  An orc priest (D:3)
  An iguana (D:4)
  A howler monkey skeleton (D:4)
  An adder (D:1)
  3 worms
  5 dart slugs
  5 orcs
  3 ball pythons
  5 bats
  3 endoplasms (D:1)
  7 giant cockroaches
  3 goblins
  9 hobgoblins
  4 jackals
  2 quokkas
  8 frilled lizards
  14 kobolds
  8 rats
84 creatures vanquished.

Notes
Turn   | Place    | Note
-------+----------+-------------------------------------------
     0 | D:1      | wakim the Minotaur Hunter began the quest for the Orb.
     0 | D:1      | Reached XP level 1. HP: 18/18 MP: 0/0
   102 | D:1      | Reached skill level 1 in Stealth
   102 | D:1      | Reached XP level 2. HP: 23/25 MP: 1/1
   201 | D:1      | Found a faded altar of an unknown god.
   235 | D:1      | Reached skill level 1 in Armour
   522 | D:1      | Reached XP level 3. HP: 22/31 MP: 2/2
  1658 | D:2      | Reached XP level 4. HP: 19/38 MP: 3/3
  2127 | D:3      | Noticed a necrophage
  2138 | D:3      | Killed a necrophage
  2139 | D:3      | Reached skill level 5 in Crossbows
  2139 | D:3      | Reached XP level 5. HP: 46/46 MP: 4/4
  2906 | D:4      | Found Oputroudd's Self-Improvement Boutique.
  3182 | D:4      | HP: 1/46 [poisoned by a kobold brigand (curare-tipped
                  | dart)]
  3183 | D:4      | Succumbed to a kobold brigand's curare-tipped dart

Illustrated notes

Levels and vault maps discovered:
D:1:      saegor_arrival_simple_a, layout_basic, shapermc_ecumenical_altar_venn
D:2:      layout_rooms, serial_rivers, chequers_serial_rivers_room_a,
          chequers_serial_rivers_small_3, chequers_serial_rivers_small_a,
          chequers_serial_rivers_large_a
D:3:      layout_loops_cross, chequers_serial_rivers_micro_c
D:4:      cheibrodos_thug_alley, layout_loops_ring,
          nicolae_qazlal_scattered_showers, nemelex_dance_club_becter,
          nicolae_shop_self_help

Skill      XL: |  1  2  3  4  5 |
---------------+----------------+-----
Stealth        | 1 2 |  2.2
Armour         | 1 2 3 |  3.0
Fighting       | 3 4 |  4.2
Crossbows      | 5 |  5.2
Dodging        | 3 |  3.4

Action                   |  1- 3 |  4- 6 || total
-------------------------+-------+-------++-------
Melee: Short sword       |    41 |     1 ||    42
       Headbutt          |    14 |    14 ||    28
       Trident           |    64 |    96 ||   160
 Fire: Hand crossbow     |       |     4 ||     4
  Use: Scroll            |       |     4 ||     4
       Potion            |       |     2 ||     2
 Stab: Sleeping          |     1 |     1 ||     2
Armor: Leather armour    |    21 |       ||    21
       Ring mail         |    12 |     4 ||    16
       Scale mail        |       |    14 ||    14
Dodge: Dodged            |    63 |    46 ||   109

Table legend: (Time is in decaauts)
 A = Elapsed time spent in this place.
 B = Non-inter-level travel time spent in this place.
 C = Inter-level travel time spent in this place.
 D = Time resting spent in this place.
 E = Time spent auto-exploring this place.
 F = Levels seen in this place.
 G = Mean time per level.
                   A        B        C        D        E       F      G
               +--------+--------+--------+--------+--------+-----+--------+
         Total |   3259 |   3187 |     72 |    255 |   2276 |   4 |  814.8 |
       Dungeon |   3259 |   3187 |     72 |    255 |   2276 |   4 |  814.8 |
               +--------+--------+--------+--------+--------+-----+--------+

Top non-repeatable levels by time:
     D:3: 1012 daAuts
     D:1: 991 daAuts
     D:2: 835 daAuts
     D:4: 420 daAuts
